 Dungeon Crawl Stone Soup version 0.29-a0-857-g9b1aa3ac5b (webtiles) character file.

Game seed: 14197763468998916903

46 jimonade the Magician (level 3, -5/26 HPs)
             Began as a Gnoll Hedge Wizard on July 17, 2022.
             Slain by Robin
             ... wielding a +3 mace of holy wrath
              (7 damage)
             ... on level 1 of the Dungeon.
             The game lasted 00:02:17 (1643 turns).

jimonade the Magician (Gnoll Hedge Wizard)          Turns: 1643, Time: 00:02:17

Health: -5/26      AC:  3    Str: 11    XL:     3   Next: 68%
Magic:  1/11       EV: 13    Int: 13    God:
Gold:   53         SH:  0    Dex: 11    Spells: 15/16 levels left

rFire   . . .      SeeInvis .   a - +0 dagger
rCold   . . .      Faith    .   (no shield)
rNeg    . . .      Spirit   .   b - +0 robe
rPois   .          Reflect  .   c - +1 hat
rElec   .          Harm     .   (no cloak)
rCorr   .          Rampage  .   (no gloves)
Will    .....                   (no boots)
Stlth   ++........              (no amulet)
HPRegen 0.08/turn               (no ring)
MPRegen 0.12/turn               (no ring)

@: no status effects
A: fangs 1, strong nose, distributed training
a: no special abilities


You were on level 1 of the Dungeon.
You visited 1 branch of the dungeon, and saw 2 of its levels.

You collected 53 gold pieces.

Inventory:

Hand Weapons
 a - a +0 dagger (weapon)
Armour
 b - a +0 robe (worn)
 c - a +1 hat (worn)
 j - a +0 leather armour
Potions
 d - a potion of magic
 e - a potion of haste {unknown}
 g - a potion of curing {unknown}
 h - a potion of invisibility {unknown}


   Skills:
 + Level 1.0 Fighting
 + Level 1.0 Short Blades
 + Level 1.0 Long Blades
 + Level 1.0 Axes
 + Level 1.0 Maces & Flails
 + Level 1.0 Polearms
 + Level 1.0 Staves
 + Level 1.0 Ranged Weapons
 + Level 1.0 Throwing
 + Level 1.0 Armour
 + Level 4.6 Dodging
 + Level 4.2 Stealth
 + Level 1.0 Shields
 + Level 1.0 Unarmed Combat
 + Level 7.1 Spellcasting
 + Level 2.1 Conjurations
 + Level 0.7 Hexes
 + Level 2.1 Summonings
 + Level 0.7 Necromancy
 + Level 2.1 Translocations
 + Level 0.7 Transmutations
 + Level 0.7 Fire Magic
 + Level 0.7 Ice Magic
 + Level 0.7 Air Magic
 + Level 0.7 Earth Magic
 + Level 0.7 Poison Magic
 + Level 1.0 Invocations
 + Level 1.0 Evocations


You had 15 spell levels left.
You knew the following spells:

 Your Spells              Type           Power      Damage    Failure   Level
a - Magic Dart            Conj           40%        1d5       6%          1

Your spell library contained the following spells:

 Spells                   Type           Power      Damage    Failure   Level
 Blink                    Tloc           20%        N/A       10%         2
 Call Imp                 Summ           10%        N/A       10%         2
 Slow                     Hex            24%        N/A       11%         1
 Conjure Flame            Conj/Fire      8%         6-21      26%         3
 Mephitic Cloud           Conj/Pois/Air  7%         N/A       28%         3


Dungeon Overview and Level Annotations

Branches:
Dungeon (2/15)

Altars:

Annotations:
D:1 Robin


Innate Abilities, Weirdness & Mutations

You have very sharp teeth.
Your uncanny sense of smell can sniff out nearby items.
Your experience applies equally to all skills.


Message History

Your Armour skill increases to level 1!
Your Shields skill increases to level 1!
Your Unarmed Combat skill increases to level 1!
Your Evocations skill increases to level 1!
The magic dart hits the goblin.
The goblin is severely wounded.
The goblin hits you with a +0 dagger.
The magic dart hits the goblin.
You kill the goblin!
The magic dart hits Robin but does no damage.
Robin barely misses you.
The magic dart hits Robin.
Robin is moderately wounded.
Robin misses you.
The magic dart hits Robin.
Robin is moderately wounded.
Robin hits you with a +3 mace of holy wrath.
The magic dart hits Robin.
Robin is moderately wounded.
Robin hits you with a +3 mace of holy wrath!
You are too injured to fight recklessly!
You are too injured to fight recklessly!
You hit Robin.
Robin is heavily wounded.
Robin hits you with a +3 mace of holy wrath!
* * * LOW HITPOINT WARNING * * *
You barely miss Robin.
Robin is heavily wounded.
Robin closely misses you.
You hit Robin but do no damage.
Robin is heavily wounded.
Robin misses you.
You closely miss Robin.
Robin is heavily wounded.
Robin closely misses you.
You hit Robin. Your punch misses Robin.
Robin is heavily wounded.
Robin says, "Feeling lonely?"
Robin hits you with a +3 mace of holy wrath!
You die...

.............########.#.#.#
####.........#........#.#.#
#.........#.##.......#.#
#.........#.##.......#.### #
#.........#...>...##.#...#
####.........##.###..##...#.#
...+................>..##.#.#
#..#..........#####.#####...#
................@g)..# ##.##
....)........#######.## #..#
....######)### #..# ##.#
##.....###.# #### #.#
..........'###### #.#
.#########......# ******* #.#
.# *,..# #......# #..P..#*#.#
.# **### #......# #.###.#,#.#
.### #'####.# #.#.#P#,#.#


You could see Robin.

Vanquished Creatures
  A dart slug (D:1)
  2 endoplasms (D:1)
  A giant cockroach (D:1)
  13 goblins
  4 hobgoblins (D:1)
  A quokka (D:1)
  3 ball pythons (D:1)
  7 bats
  2 frilled lizards (D:1)
  3 kobolds (D:1)
  4 rats (D:1)
41 creatures vanquished.

Notes
Turn   | Place    | Note
-------+----------+-------------------------------------------
     0 | D:1      | jimonade the Gnoll Hedge Wizard began the quest for the
                  | Orb.
     0 | D:1      | Reached XP level 1. HP: 13/13 MP: 8/8
   295 | D:1      | Reached XP level 2. HP: 15/20 MP: 2/10
   677 | D:1      | Reached XP level 3. HP: 25/25 MP: 3/11
  1313 | D:2      | Reached skill level 1 in Invocations
  1369 | D:2      | Noticed Robin
  1632 | D:1      | Reached skill level 1 in Fighting
  1632 | D:1      | Reached skill level 1 in Short Blades
  1632 | D:1      | Reached skill level 1 in Long Blades
  1632 | D:1      | Reached skill level 1 in Axes
  1632 | D:1      | Reached skill level 1 in Maces & Flails
  1632 | D:1      | Reached skill level 1 in Polearms
  1632 | D:1      | Reached skill level 1 in Staves
  1632 | D:1      | Reached skill level 1 in Ranged Weapons
  1632 | D:1      | Reached skill level 1 in Throwing
  1632 | D:1      | Reached skill level 1 in Armour
  1632 | D:1      | Reached skill level 1 in Shields
  1632 | D:1      | Reached skill level 1 in Unarmed Combat
  1632 | D:1      | Reached skill level 1 in Evocations
  1639 | D:1      | HP: 1/26 [Robin/+3 mace of holy wrath (7)]
  1643 | D:1      | Slain by Robin

Illustrated notes

Levels and vault maps discovered:
D:1:      mushboom_english_gardens, layout_basic, serial_aquarium,
          aquarium_bridge_square [aquarium_subvault_window,
          aquarium_subvault_wall, aquarium_subvault_wall,
          aquarium_subvault_bridge], aquarium_window_1, aquarium_window_1,
          aquarium_window_fake, aquarium_window_fake, aquarium_view_2c,
          aquarium_pool_four, chequers_serial_rivers_large_a
D:2:      cheibrodos_pilgrimage, layout_rooms, uniq_sigmund, uniq_robin,
          uniq_natasha

Skill      XL: |  1  2  3 |
---------------+----------+-----
Conjurations   | 2 |  2.1
Summonings     | 2 |  2.1
Translocations | 2 |  2.1
Invocations    | 1 |  1.0
Fighting       | 1 |  1.0
Short Blades   | 1 |  1.0
Long Blades    | 1 |  1.0
Axes           | 1 |  1.0
Maces & Flails | 1 |  1.0
Polearms       | 1 |  1.0
Staves         | 1 |  1.0
Ranged Weapons | 1 |  1.0
Throwing       | 1 |  1.0
Armour         | 1 |  1.0
Shields        | 1 |  1.0
Unarmed Combat | 1 |  1.0
Evocations     | 1 |  1.0
Dodging        | |  4.6
Stealth        | |  4.2
Spellcasting   | |  7.1
Hexes          | |  0.7
Necromancy     | |  0.7
Transmutations | |  0.7
Fire Magic     | |  0.7
Ice Magic      | |  0.7
Air Magic      | |  0.7
Earth Magic    | |  0.7
Poison Magic   | |  0.7

Action                   || total
-------------------------++-------
Melee: Dagger            ||    12
 Cast: Magic Dart        ||    95
  Use: Scroll            ||     3
Armor: Robe              ||     6
Dodge: Dodged            ||    27

Table legend: (Time is in decaauts)
 A = Elapsed time spent in this place.
 B = Non-inter-level travel time spent in this place.
 C = Inter-level travel time spent in this place.
 D = Time resting spent in this place.
 E = Time spent auto-exploring this place.
 F = Levels seen in this place.
 G = Mean time per level.
                   A        B        C        D        E       F      G
               +--------+--------+--------+--------+--------+-----+--------+
         Total |   1653 |   1574 |     79 |    349 |   1010 |   2 |  826.5 |
       Dungeon |   1653 |   1574 |     79 |    349 |   1010 |   2 |  826.5 |
               +--------+--------+--------+--------+--------+-----+--------+

Top non-repeatable levels by time:
     D:1: 1560 daAuts
     D:2: 93 daAuts
